Match 47257055
Unlisted

Match 47257055
End
Pioneer Squad
Construct Infanterie Kompanie
MG 42 Machine Gun Team
Grenadier Squad
Grenadier Squad
Construct Luftwaffe Kompanie
Selects Mechanized Battlegroup
221 Scout Car
Jäger Squad
Selects Mobile Repair Stations
Jäger Squad
Luftwaffe Officer Quarters
Flak 30 Anti-aircraft Gun Team
Selects Wespe Self-propelled Artillery
Wespe Self-propelled Artillery
Wespe Self-propelled Artillery
221 Scout Car
MG 42 Machine Gun Team
221 Scout Car
Pioneer Squad
Wespe Self-propelled Artillery
Boneless
Victor #52
welnez
CannonFodder
Hugh G Wrecktion
勇敢的少先队员
고구마줄거리
TUCO
0
0

Comments sign in to comment!

No comments posted yet!